 Dungeon Crawl Stone Soup version 0.30.0-17-ge0270778cf (webtiles) character file.

Game seed: 14564235863621670139

116 Kenran the Chopper (level 5, -1/41 HPs)
             Began as a Formicid Fighter on May 21, 2023.
             Killed by divine providence
             ... invoked by an orc priest
              (12 damage)
             ... on level 3 of the Dungeon.
             The game lasted 00:02:29 (1542 turns).

Kenran the Chopper (Formicid Fighter)               Turns: 1542, Time: 00:02:30

Health: -1/41      AC:  9    Str: 23    XL:     5   Next: 20%
Magic:  5/5        EV:  9    Int:  7    God:
Gold:   75         SH:  6    Dex: 19    Spells: 4/4 levels left

rFire   . . .        a - +0 war axe
rCold   . . .        c - +0 buckler
rNeg    . . .        b - +0 scale mail
rPois   .            (helmet unavailable)
rElec   .            (no cloak)
rCorr   .            i - +1 pair of gloves
SInv    +            (no boots)
Will    .....        (no amulet) Stlth
                     j - +6 ring of dexterity
HPRegen 0.26/turn    (no ring)
MPRegen 0.09/turn

%: no passive effects
@: mighty
A: permanent stasis, dig shafts and tunnels, antennae 3, four strong arms
a: Dig, Shaft Self


You were on level 3 of the Dungeon.
You visited 1 branch of the dungeon, and saw 3 of its levels.

You collected 75 gold pieces.

Inventory:

Hand Weapons
 a - a +0 war axe (weapon)
Armour
 b - a +0 scale mail (worn)
 c - a +0 buckler (worn)
 i - a +1 pair of gloves (worn)
Jewellery
 j - a +6 ring of dexterity (left hand)
 m - a ring of magical power
Scrolls
 k - a scroll of fog
 n - a scroll of enchant weapon {unknown}
Potions
 d - a potion of might
 e - 2 potions of cancellation
 f - a potion of curing {unknown}
 h - 2 potions of flight {unknown}
 l - a potion of haste {unknown}


   Skills:
 - Level 3.2 Fighting
 + Level 5.0 Axes
 - Level 3.2 Armour
 - Level 4.0 Shields


You had 4 spell levels left.
You didn't know any spells.
Your spell library contained the following spells:

 Spells                   Type           Power      Damage    Failure   Level
 Ensorcelled Hibernation  Hex/Ice        0%         N/A       91%         2
 Passwall                 Tmut/Erth      0%         N/A       91%         2
 Swiftness                Air            Unusable   N/A       N/A         3

Dungeon Overview and Level Annotations

Branches:
Dungeon (3/15)

Altars:


Innate Abilities, Weirdness & Mutations

You cannot be hasted, slowed, berserked, paralysed or teleported.
You can dig through walls and to a lower floor.
You have a pair of large antennae on your head. (SInv)
Your four strong arms can wield two-handed weapons with a shield.


Message History

The orc priest casts a cantrip, but nothing happens.
The quokka attacks as you move away! The quokka bites you.
The quokka bites you but does no damage.
You miss the quokka.
The quokka bites you but does no damage.
You slash the quokka!
You kill the quokka!
The orc priest calls down the wrath of Beogh upon you.
Beogh smites you!
You are too injured to fight recklessly!
You hit the orc but do no damage. The orc barely misses you.
You feel very mighty all of a sudden. The orc hits you but does no damage.
You hit the orc.
The orc is moderately wounded.
The orc hits you but does no damage.
You barely miss the orc.
The orc is moderately wounded.
The orc hits you but does no damage.
The orc priest mumbles some strange prayers to Beogh against you.
Beogh smites you!
You hit the orc.
The orc is almost dead.
The orc hits you with a +0 hand axe.
* * * LOW HITPOINT WARNING * * *
The orc barely misses you.
You hit the orc.
You kill the orc!
You slash the orc priest!
The orc priest is almost dead.
The orc priest looks braver for a moment.
You slash the orc priest!
You kill the orc priest!
Your Axes skill increases to level 5!
You have reached level 5!
You slash the orc priest!
The orc priest is heavily wounded.
The orc priest calls down the wrath of Beogh upon you.
Beogh smites you!
You die...

#░.░.░.░.░.░.░.░
+.░.░.░.░.>.░.░.
+..░.░.░.░.░.░.░
#.░.░.░.░.░.░.░.
#░.░.░.░.░.░.░.░
.░.░.░.░.░.░.░.#
.░.░.░.░.░.░.░#
.░.░.░.░.░.░.#
░.░+░'░@░.░.░.░#
#....o##+###.#
#.......o....#
#.......o....
###'##......# #.
...o..# #.
......# #
##.#### ..


You could see an orc priest.

Vanquished Creatures
  An orc priest (D:3)
  2 adders (D:2)
  A worm (D:2)
  A dart slug (D:1)
  An orc (D:3)
  A bat (D:1)
  7 endoplasms
  3 giant cockroaches
  8 goblins
  6 hobgoblins
  4 jackals (D:3)
  4 kobolds
  3 quokkas
  5 ball pythons (D:1)
  3 frilled lizards
  4 rats
54 creatures vanquished.

Notes
Turn   | Place    | Note
-------+----------+-------------------------------------------
     0 | D:1      | Kenran the Formicid Fighter began the quest for the Orb.
     0 | D:1      | Reached XP level 1. HP: 18/18 MP: 1/1
    57 | D:1      | Reached XP level 2. HP: 17/24 MP: 2/2
   164 | D:1      | Reached skill level 3 in Axes
   327 | D:1      | Reached XP level 3. HP: 26/29 MP: 3/3
   875 | D:2      | Reached skill level 4 in Axes
   875 | D:2      | Reached XP level 4. HP: 35/35 MP: 4/4
  1541 | D:3      | Reached skill level 5 in Axes
  1541 | D:3      | Reached XP level 5. HP: 11/41 MP: 5/5
  1542 | D:3      | Killed from afar by an orc priest

Illustrated notes

Levels and vault maps discovered:
D:1:      roderic_dead_forest, layout_loops_ring
D:2:      layout_loops_ring, minmay_domino_4
D:3:      layout_basic, nicolae_ecumenical_lake_church,
          kennysheep_generic_room_4, uniq_ijyb

Skill      XL: |  1  2  3  4 |
---------------+-------------+-----
Axes           | 3 4 5 |  5.0
Fighting       | |  3.2
Armour         | |  3.2
Shields        | |  4.0

Action                     |  1- 3 |  4- 6 || total
---------------------------+-------+-------++-------
  Melee: War axe           |    74 |    53 ||   127
    Use: Scroll            |       |     3 ||     3
         Potion            |       |     1 ||     1
 Armour: Scale mail        |    22 |    21 ||    43
  Dodge: Dodged            |    28 |    20 ||    48
  Block: Buckler           |    16 |    12 ||    28
